 Dungeon Crawl Stone Soup version 0.16-a0-1183-g5b05a17 (webtiles) character file.

2786 Kashira the Chopper (level 9, -13/38 HPs)
             Began as a Vine Stalker Berserker on Oct 10, 2014.
             Was a High Priest of Trog.
             Killed from afar by a wretched star (30 damage)
             ... with an orb of energy
             ... on level 2 of the Abyss.
             The game lasted 00:27:30 (4916 turns).

Kashira the Chopper (Vine Stalker Berserker)        Turns: 4916, Time: 00:27:30

Health: -13/38     AC: 11    Str: 21    XL:     9   Next: 70%
Magic:  0/3        EV: 13    Int:  9    God:    Trog [*****.]
Gold:   307        SH:  0    Dex: 14    Spells: 0 memorised, 8 levels left

rFire  + . .     SeeInvis .     y - +0 hand axe (antimagic)
rCold  x . .     Rnd*Rage +     i - +0 ring mail
rNeg   . . .     SustAb   .     (no shield)
rPois  .         Gourm    .     u - +0 helmet
rElec  .         Spirit   +     v - +0 cloak
rCorr  .         Warding  .     a - +0 pair of gloves
rMut   .         Stasis   .     w - +0 pair of boots
MR     +....                    (no amulet)
Stlth  +.........               (no ring)
                                k - ring of fire

@: somewhat resistant to hostile enchantments, very unstealthy
A: fangs 3, berserk 1, clever 1, frail 2, low mp 1, regeneration 2, weak 1,
magic shield, antimagic bite, no device heal 3, rot immunity
a: Burn Spellbooks, Berserk, Trog's Hand, Brothers in Arms, Renounce Religion


You were on level 2 of the Abyss.
You worshipped Trog.
Trog was extremely pleased with you.
You were very hungry.

You visited 1 branch of the dungeon, and saw 7 of its levels.
You visited the Abyss 1 time.
You also visited: Sewer.

You collected 307 gold pieces.

Inventory:

Hand weapons
 y - a +0 antimagic hand axe (weapon)
 z - a +2 dagger of distortion
Missiles
 g - 5 tomahawks (quivered)
 B - a throwing net
Armour
 a - a +0 pair of gloves (worn)
 i - a +0 ring mail (worn)
 u - a +0 helmet (worn)
 v - a +0 cloak (worn)
 w - a +0 pair of boots (worn)
Comestibles
 c - 9 bread rations
 o - a fruit
Scrolls
 e - a scroll of teleportation {unknown}
 f - a scroll of enchant weapon {unknown}
 h - 4 scrolls of recharging
 m - 2 scrolls of enchant armour {unknown}
 n - 3 scrolls of remove curse
 p - a scroll of fear {unknown}
 s - a scroll of magic mapping {unknown}
 t - 2 scrolls of blinking {unknown}
 x - 2 scrolls of amnesia {unknown}
 C - a scroll of fog {unknown}
Jewellery
 k - a ring of fire (left hand)
Potions
 b - a potion of resistance
 d - 2 potions of brilliance
 j - a potion of restore abilities
 l - 4 potions of haste
 q - a potion of cancellation
 D - a potion of degeneration {unknown}


   Skills:
 + Level 6.0 Fighting
 * Level 6.7 Axes
 + Level 5.2 Armour
 + Level 6.3 Dodging


You had 8 spell levels left.
You didn't know any spells.

Dungeon Overview and Level Annotations

Branches:
Dungeon (7/15)             Temple (0/1) D:7

Altars:
Elyvilon
Gozag
Nemelex Xobeh
Zin


Innate Abilities, Weirdness & Mutations

You have razor-sharp teeth.
You heal very quickly.
When hurt, damage is shared between your health and your magic reserves.
Your bite disrupts and absorbs the magic of your enemies.
Potions and wands cannot restore your health.
You are immune to rotting.
You tend to lose your temper in combat.
Your mind is acute. (Int +2)
[You are very frail (-20% HP).]
[Your magical capacity is low (-10% MP).]
[You are weak. (Str -2)]


Message History

The orb of energy hits you!
Ouch! That really hurt!
The orb of energy explodes!
What do you say? t - Shout!
Orders for allies: a - Attack new target. r - Retreat! s - Stop attacking. w - Wait here. f - Follow me.
Anything else - Stay silent.
Gang up on whom?
Press: ? - help, Dir - move target cursor, f - wretched star
Aim: a wretched star (lightly damaged) Attack!
Your two-headed ogre hits the wretched star with a giant club.
Your two-headed ogre closely misses the wretched star.
The wretched star glows turbulently.
The orb of energy hits your two-headed ogre.
The orb of energy explodes!
The mystic blast hits you!
Ouch! That really hurt!
You die...

... .......# .
.#.. ....# ..
.......# .
########. ## #
## #.# .#. #
#.# ... ###.##
..
#..#....#####.#
#..........@.#
#.......###O#.#
.#.#.#.## *##
.. #.# ## #. .#
# .. .. #.. .
#.# #. .


You could see a wretched star and a friendly two-headed ogre (berserk).

Vanquished Creatures
  Pikel (D:5)
  A spriggan (D:7)
  A ynoxinul (Abyss:2)
  A neqoxec (Abyss:2)
  4 slaves (D:5)
  A water moccasin (D:6)
  A phantom (D:4)
  2 ogres
  5 big kobolds (Sewer)
  Blork the orc (D:5)
  2 giant frogs (D:6)
  A wyvern skeleton (D:6)
  A hippogriff zombie (D:6)
  A quasit (Abyss:2)
  A goliath beetle (D:6)
  A crimson imp (D:6)
  A small abomination (Abyss:2)
  2 orc priests
  2 hounds
  A centaur skeleton (D:5)
  2 jellies (D:5)
  4 worker ants
  3 iguanas
  3 orc wizards
  A green rat (Sewer)
  9 adders
  A giant mite (D:3)
  An ufetubus (Abyss:2)
  5 worms (Sewer)
  2 adder skeletons
  4 giant geckos
  2 oozes (Sewer)
  16 orcs
  7 giant cockroaches
  7 hobgoblins
  17 kobolds
  2 quokkas
  7 ball pythons
  13 bats
  3 giant newts
  12 goblins
  A jackal skeleton (D:4)
  2 orc skeletons
  12 rats
167 creatures vanquished.

Vanquished Creatures (collateral kills)
  A neqoxec (Abyss:2)
1 creature vanquished.

Vanquished Creatures (others)
  A golden eye (Abyss:2)
1 creature vanquished.

Grand Total: 169 creatures vanquished

Notes
Turn   | Place    | Note
--------------------------------------------------------------
     0 | D:1      | Kashira, the Vine Stalker Berserker, began the quest for the Orb.
     0 | D:1      | Reached XP level 1. HP: 11/11 MP: 1/1
   222 | D:1      | Reached skill level 3 in Fighting
   222 | D:1      | Reached XP level 2. HP: 14/16 MP: 3/3
   631 | D:2      | Acquired Trog's second power
   687 | D:2      | Reached XP level 3. HP: 15/20 MP: 2/4
  1038 | D:3      | Reached XP level 4. HP: 18/24 MP: 5/5
  1140 | D:3      | Found a glowing drain.
  1215 | Sewer    | Entered a sewer
  1231 | Sewer    | Noticed a big kobold
  1253 | Sewer    | Killed a big kobold
  1253 | Sewer    | Reached XP level 5. HP: 17/29 MP: 7/7
  1621 | Sewer    | Gained mutation: You heal very quickly. [vine stalker growth]
  1621 | Sewer    | Reached XP level 6. HP: 17/33 MP: 6/8
  1685 | Sewer    | Noticed a big kobold
  1697 | Sewer    | Killed a big kobold
  1760 | Sewer    | Noticed a big kobold
  1791 | Sewer    | Killed a big kobold
  1791 | Sewer    | Reached skill level 4 in Axes
  1815 | Sewer    | Noticed a big kobold
  1825 | Sewer    | Noticed a big kobold
  1843 | Sewer    | Killed a big kobold
  1843 | Sewer    | Reached XP level 7. HP: 37/37 MP: 9/9
  1869 | Sewer    | Killed a big kobold
  1969 | D:3      | Found a white marble altar of Elyvilon.
  1995 | D:3      | Acquired Trog's third power
  2074 | D:3      | Found an opulent altar of Gozag.
  2751 | D:4      | Found a glowing silver altar of Zin.
  2751 | D:4      | Noticed an angel
  2848 | D:5      | Entered Level 5 of the Dungeon
  2905 | D:5      | Noticed Blork the orc
  2909 | D:5      | Killed Blork the orc
  2961 | D:5      | Found a sparkling altar of Nemelex Xobeh.
  3006 | D:5      | Reached skill level 5 in Axes
  3006 | D:5      | Gained mutation: You have razor-sharp teeth. [vine stalker growth]
  3006 | D:5      | Reached XP level 8. HP: 7/42 MP: 0/11
  3200 | D:5      | Noticed Pikel
  3293 | D:5      | Killed Pikel
  3293 | D:5      | Reached skill level 5 in Fighting
  3293 | D:5      | Reached skill level 5 in Dodging
  3721 | D:6      | Reached XP level 9. HP: 45/47 MP: 4/12
  3779 | D:6      | Reached skill level 6 in Axes
  4003 | D:6      | Got a twisted quarterstaff
  4004 | D:6      | Identified the cursed -1 quarterstaff "Fuebuits" {antimagic, rC+ Int+1} (You found it on level 6 of the Dungeon)
  4213 | D:7      | Found a staircase to the Ecumenical Temple.
  4218 | D:7      | Gained mutation: Your body is slowly deteriorating. [potion of mutation]
  4218 | D:7      | Gained mutation: Your mind is acute. (Int +2) [potion of mutation]
  4218 | D:7      | Lost mutation: Your body is slowly deteriorating. [potion of mutation]
  4518 | D:7      | Reached skill level 5 in Armour
  4648 | D:7      | Received a gift from Trog
  4653 | D:7      | Cast into the Abyss (a distortion unwield)
  4905 | Abyss:2  | Noticed a wretched star
  4912 | Abyss:2  | Gained mutation: You tend to lose your temper in combat. [a neqoxec]
  4916 | Abyss:2  | Killed from afar by a wretched star

Action                   |  1- 3 |  4- 6 |  7- 9 || total
-------------------------+-------+-------+-------++-------
Melee: Hand axe          |   109 |   191 |   385 ||   685
Invok: Berserk           |     1 |     2 |     7 ||    10
       Trog's Hand       |       |       |     1 ||     1
       Brothers in Arms  |       |       |     1 ||     1
  Use: Scroll            |       |       |    10 ||    10
       Potion            |       |       |     3 ||     3
  Eat: Chunk             |     2 |       |     8 ||    10
       Meat ration       |       |     1 |       ||     1
       Beef jerky        |       |       |     2 ||     2
       Pizza             |       |       |     2 ||     2
       Royal jelly       |       |       |     1 ||     1
